 Dungeon Crawl Stone Soup version 0.29-a0-643-ga013cefcf8 (webtiles) character file.

Game seed: 15715549624427051847

45 CollectiveS the Skirmisher (level 3, 0/29 HPs)
             Began as a Demonspawn Fighter on June 19, 2022.
             Slain by a gnoll
             ... wielding a +0 spear
              (3 damage)
             ... on level 2 of the Dungeon.
             The game lasted 00:02:25 (1285 turns).

CollectiveS the Skirmisher (Demonspawn Fighter)     Turns: 1285, Time: 00:02:25

Health: 0/29       AC:  7    Str: 18    XL:     3   Next: 42%
Magic:  3/3        EV:  9    Int:  9    God:
Gold:   68         SH:  4    Dex: 12    Spells: 2/2 levels left

rFire   . . .      SeeInvis +   a - +0 flail
rCold   . . .      Faith    .   c - +0 buckler
rNeg    . . .      Spirit   .   b - +0 scale mail
rPois   .          Reflect  .   (helmet restricted)
rElec   .          Harm     .   (no cloak)
rCorr   .          Rampage  .   l - +0 pair of gloves
Will    .....                   (no boots)
Stlth   ..........              (no amulet)
HPRegen 0.09/turn               f - ring of see invisible
MPRegen 0.08/turn               (no ring)

@: no status effects
A: antennae 1, foul stench 1
a: no special abilities


You were on level 2 of the Dungeon.
You visited 1 branch of the dungeon, and saw 2 of its levels.

You collected 68 gold pieces.

Inventory:

Hand Weapons
 a - a +0 flail (weapon)
Armour
 b - a +0 scale mail (worn)
 c - a +0 buckler (worn)
 l - a +0 pair of gloves (worn)
Jewellery
 f - a ring of see invisible (left hand)
 i - an amulet of reflection
Scrolls
 e - a scroll of enchant armour {unknown}
 j - 2 scrolls of fear {unknown}
 k - a scroll of vulnerability {unknown}
Potions
 d - a potion of might
 g - a potion of haste {unknown}
 h - a potion of curing {unknown}
 m - a potion of cancellation {unknown}


   Skills:
 + Level 3.4 Fighting
 + Level 2.3 Maces & Flails
 + Level 3.1 Armour
 + Level 3.1 Shields


You had 2 spell levels left.
You didn't know any spells.
Your spell library was empty.

Dungeon Overview and Level Annotations

Branches:
Dungeon (2/15)

Altars:
Xom


Innate Abilities, Weirdness & Mutations

You have a pair of small antennae on your head.
You may rarely emit foul miasma when damaged in melee.


Message History

You are too injured to fight recklessly!
You are too injured to fight recklessly!
You are too injured to fight recklessly!
You are too injured to fight recklessly!
You are too injured to fight recklessly!
You are too injured to fight recklessly!
You are too injured to fight recklessly!
There are monsters nearby!
There are monsters nearby!
You are too injured to fight recklessly!
There are monsters nearby!
You are too injured to fight recklessly!
There are monsters nearby!
You are too injured to fight recklessly!
There are monsters nearby!
You are too injured to fight recklessly!
You barely miss the gnoll. The gnoll closely misses you.
The gnoll hits you with a +0 whip.
* * * LOW HITPOINT WARNING * * *
The gnoll hits you but does no damage. The gnoll barely misses you.
The gnoll hits you from afar with a +0 spear.
* * * LOW HITPOINT WARNING * * *
The gnoll hits you but does no damage.
Unknown command.
Unknown command.
You sock the gnoll!
The gnoll is heavily wounded.
You block the gnoll's attack.
The gnoll hits you from afar with a +0 spear.
* * * LOW HITPOINT WARNING * * *
The gnoll hits you but does no damage.
Unknown command.
You sock the gnoll!
You kill the gnoll!
The gnoll closely misses you. x2
Unknown command.
The gnoll barely misses you. x2
The gnoll hits you from afar with a +0 spear.
You die...
Xom is highly amused!

################
####...............
#g@..##############
.....gg#### ###..#
####### ###....#
##...##.# #..####.#
###.## #.# #..<#
#.## ##.### #.#. #.
.)#####..# #.#.


You could see 3 gnolls.

Vanquished Creatures
  An adder (D:2)
  A gnoll (D:2)
  2 ball pythons (D:1)
  4 endoplasms (D:1)
  2 hobgoblins
  2 jackals (D:1)
  A quokka (D:1)
  5 bats (D:1)
  2 frilled lizards (D:1)
  4 goblins
  A rat (D:1)
25 creatures vanquished.

Notes
Turn   | Place    | Note
-------+----------+-------------------------------------------
     0 | D:1      | CollectiveS the Demonspawn Fighter began the quest for the
                  | Orb.
     0 | D:1      | Reached XP level 1. HP: 18/18 MP: 1/1
   280 | D:1      | Gained mutation: You have a pair of small antennae on your
                  | head. [demonic ancestry]
   280 | D:1      | Reached XP level 2. HP: 18/24 MP: 2/2
   953 | D:2      | Found a faded altar of an unknown god.
   956 | D:2      | Prayed at the altar of an unknown god.
   956 | D:2      | Became a worshipper of Xom the Capricious
   995 | D:1      | Fell from the grace of Xom
  1045 | D:2      | Gained mutation: You may rarely emit foul miasma when
                  | damaged in melee. [demonic ancestry]
  1045 | D:2      | Reached XP level 3. HP: 19/29 MP: 3/3
  1285 | D:2      | Slain by a gnoll

Illustrated notes

Levels and vault maps discovered:
D:1:      dpeg_arrival_refuge, layout_basic
D:2:      layout_rooms, nicolae_ecumenical_oubliette, chequers_jeans

Skill      XL: |  1  2 |
---------------+-------+-----
Maces & Flails | 2 |  2.3
Armour         | 3 |  3.1
Shields        | 3 |  3.1
Fighting       | |  3.4

Action                   || total
-------------------------++-------
Melee: Flail             ||    66
Invok: Renounce Religion ||     1
Armor: Scale mail        ||    41
Dodge: Dodged            ||    46
Block: Buckler           ||    15

Table legend: (Time is in decaauts)
 A = Elapsed time spent in this place.
 B = Non-inter-level travel time spent in this place.
 C = Inter-level travel time spent in this place.
 D = Time resting spent in this place.
 E = Time spent auto-exploring this place.
 F = Levels seen in this place.
 G = Mean time per level.
                   A        B        C        D        E       F      G
               +--------+--------+--------+--------+--------+-----+--------+
         Total |   1307 |   1244 |     63 |      0 |   1013 |   2 |  653.5 |
       Dungeon |   1307 |   1244 |     63 |      0 |   1013 |   2 |  653.5 |
               +--------+--------+--------+--------+--------+-----+--------+

Top non-repeatable levels by time:
     D:1: 1012 daAuts
     D:2: 295 daAuts
